 Dungeon Crawl Stone Soup version 0.30-a0-457-g4b7bca3bfa (webtiles) character file.

Game seed: 1809150947700502304

8483 cforsyth the Cleaver (level 11, 0/91 (102) HPs)
             Began as a Minotaur Berserker on Dec 13, 2022.
             Was an Elder of Trog.
             Succumbed to a hornet's poison
             ... while paralysed by a hornet
             ... on level 9 of the Dungeon on Dec 14, 2022.
             The game lasted 00:17:11 (9673 turns).

cforsyth the Cleaver (Minotaur Berserker)           Turns: 9673, Time: 00:17:11

HP:   0/91 (102)    AC: 10    Str: 26    XL:     11   Next: 10%
MP:   10/10         EV:  2    Int:  4    God:    Trog [****..]
Gold: 271           SH:  0    Dex: 10    Spells: 10/10 levels left

rFire   . . .      SeeInvis .    A - +0 war axe
rCold   . . .      Faith    .    (no shield)
rNeg    + . .      Spirit   .    q - +0 scale mail
rPois   .          Reflect  .    (helmet restricted)
rElec   .          Harm     .    f - +0 cloak
rCorr   .          Rampage  .    (no gloves)
Will    .....                    (no boots)
Stlth   ..........               (no amulet)
HPRegen 0.35/turn                h - ring of positive energy
MPRegen 0.12/turn                (no ring)

@: paralysed, lethally poisoned (0 -> -2), mesmerised, heavily drained
A: horns 2, retaliatory headbutt
a: Renounce Religion, Berserk, Trog's Hand, Brothers in Arms


You were on level 9 of the Dungeon.
You worshipped Trog.
Trog was greatly pleased with you.
You visited 1 branch of the dungeon, and saw 9 of its levels.

You collected 472 gold pieces.
You spent 201 gold pieces at shops.

Inventory:

Hand Weapons
 a - a +0 hand axe
 A - a +0 war axe (weapon)
Missiles
 p - a throwing net (quivered)
Armour
 f - a +0 cloak (worn)
 q - a +0 scale mail (worn)
Jewellery
 d - an amulet of faith
 h - a ring of positive energy (left hand)
Wands
 b - a wand of mindburst (20)
Scrolls
 e - 3 scrolls of magic mapping
 g - 5 scrolls of teleportation {unknown}
 m - 3 scrolls of silence {unknown}
 n - a scroll of enchant weapon {unknown}
 o - 4 scrolls of vulnerability {unknown}
 r - 2 scrolls of fear {unknown}
 s - 4 scrolls of noise {unknown}
 t - a scroll of torment {unknown}
 x - a scroll of blinking {unknown}
 y - a scroll of amnesia {unknown}
 z - a scroll of poison {unknown}
Potions
 c - a potion of might
 i - 5 potions of cancellation
 k - 2 potions of lignification
 l - a potion of resistance
 u - a potion of flight
 v - 4 potions of heal wounds
 w - 2 potions of haste
 B - 2 potions of curing
 C - a potion of invisibility
 D - 2 potions of mutation


   Skills:
 + Level 11.0 Fighting
 + Level 11.0 Axes
 + Level 10.7 Armour
 + Level 9.8 Dodging


You had 10 spell levels left.
You didn't know any spells.
Your spell library was empty.

Dungeon Overview and Level Annotations

Branches:
Dungeon (9/15)             Temple (0/1) D:6            Lair (0/5) D:8
    Orc: D:9-12

Altars:
Elyvilon
Kikubaaqudgha
Trog
Uskayaw
Wu Jian

Shops:
D:1 :   D:4 *   D:7 *

Annotations:
D:9 Maggie


Innate Abilities, Weirdness & Mutations

You have a pair of horns on your head.
You reflexively headbutt those who attack you in melee.


Message History

You hit the hornet but do no damage. The hornet stings you.
You are poisoned.
You feel as though you will be slow longer.
The hornet barely misses you.
Maggie hits you with a +1 morningstar of draining.
You partially resist.
You feel drained.
You hit Maggie but do no damage. You headbutt Maggie, but do no damage.
Maggie is heavily wounded.
You completely miss the hornet.
You feel very sick.
The hornet stings you but does no damage.
Maggie hits you with a +1 morningstar of draining!
You partially resist.
You feel drained.
The hornet stings you but does no damage.
You slash Maggie! You headbutt Maggie!
Maggie is severely wounded.
You completely miss the hornet.
You feel sick. The hornet stings you!
You feel as though you will be slow longer.
Maggie gestures wildly while chanting.
Maggie draws you further into her thrall.
The hornet misses you. You furiously retaliate!
You headbutt the hornet. Maggie closely misses you.
You closely miss Maggie. Your headbutt misses Maggie.
Maggie is severely wounded.
You barely miss the hornet.
You feel sick. The hornet stings you!
* * * LOW HITPOINT WARNING * * *
You suddenly lose the ability to move!
The hornet stings you but does no damage.
Maggie hits you but does no damage. You partially resist.
The hornet stings you!
* * * LOW HITPOINT WARNING * * *
You shrug off the repeated paralysis!
You feel sick.
Maggie hits you with a +1 morningstar of draining!
* * * LOW HITPOINT WARNING * * *
You partially resist.
You feel drained.
* * * LOW HITPOINT WARNING * * *
The hornet barely misses you.
You feel yourself speed up.
You die...

#.....#....#+#..........#........
#○....#.................#........
###.###.................#........
#....................!#######..
###.....................,,,,,,*,,
........................,,,,,,*,,
...#####................,,,,,,***
##.# #.........y......,,,,,,,,,
#.# #........@@......,,,,,,,,,
#.# #.####.###+#+####,,,,,,,,,
#.# #.#,,###,,,,,,,,*,,,,,,,,,
#.# #.#<,,,,,,,,,,,,+,,,,,,,,,
#.#***#.#,,,,,,,,,,,,,*,,,,,,,,,
*,,,,,..#,,,,,,,,,,,,,*,,,,,,,,*
*,,,,,..#,,,,,,,,,,,,,*,,,,,,,,*
*,,,,,..********,,,****,,,,,,,,*
*,,,,,,,,,,,,,,**+**,,,,,,,,,,,*


You could see Maggie (mesmerising) and a hornet.

Vanquished Creatures
  2 two-headed ogres
  Pikel (D:4)
  Joseph (D:7)
  An efreet (D:8)
  Prince Ribbit (D:8)
  Grinder (D:5)
  Sigmund (D:5)
  A wraith (D:8)
  2 wyverns
  9 yaks
  2 steam dragons
  Edmund (D:5)
  An acid dragon (D:8)
  2 water moccasins
  A sky beast (D:7)
  4 ogres
  A black bear (D:7)
  An ice beast (D:6)
  4 centaurs
  A phantom (D:6)
  2 kobold brigands
  2 scorpions
  A bullfrog (D:8)
  3 necrophages
  18 wights
  4 killer bees (D:8)
  4 howler monkeys
  An electric eel (D:6)
  4 hounds
  An orc priest (D:3)
  4 iguanas (D:6)
  7 orc wizards
  4 gnolls (D:8)
  5 adders
  2 ufetubi
  4 dart slugs
  2 worms
  21 orcs
  3 endoplasms
  5 giant cockroaches
  7 goblins
  10 hobgoblins
  13 kobolds
  A quokka (D:4)
  3 ball pythons
  2 bats (D:2)
  3 frilled lizards
  4 rats
178 creatures vanquished.

Vanquished Creatures (others)
  A wizard (D:4)
  An orc (D:6)
  6 plants (D:6)
8 creatures vanquished.

Grand Total: 186 creatures vanquished

Notes
Turn   | Place    | Note
-------+----------+-------------------------------------------
     0 | D:1      | cforsyth the Minotaur Berserker began the quest for the
                  | Orb.
     0 | D:1      | Reached XP level 1. HP: 19/19 MP: 0/0
   171 | D:1      | Found a faded altar of an unknown god.
   235 | D:1      | Found Etzifua's Book Shoppe.
   244 | D:1      | Reached XP level 2. HP: 15/27 MP: 1/1
   708 | D:2      | Reached XP level 3. HP: 24/33 MP: 2/2
   770 | D:2      | Reached ** piety under Trog
   952 | D:2      | Found an ornate altar of the Wu Jian Council.
  1917 | D:3      | Reached XP level 4. HP: 30/41 MP: 3/3
  2055 | D:3      | Noticed an ogre
  2062 | D:3      | Killed an ogre
  2063 | D:3      | Reached XP level 5. HP: 32/47 MP: 4/4
  2480 | D:4      | Noticed Pikel
  2480 | D:4      | Noticed a lemure
  2480 | D:4      | Noticed a lemure
  2480 | D:4      | Noticed a lemure
  2480 | D:4      | Noticed a lemure
  2490 | D:4      | Killed Pikel
  2491 | D:4      | Reached skill level 5 in Armour
  2491 | D:4      | Reached XP level 6. HP: 8/57 MP: 5/5
  2491 | D:4      | Reached XP level 7. HP: 9/63 MP: 6/6
  2785 | D:4      | Reached skill level 5 in Dodging
  3300 | D:4      | Found Woitt's Assorted Antiques.
  3443 | D:4      | Bought a scroll labelled RUMOOF XYEC for 26 gold pieces
  3443 | D:4      | Bought a scroll labelled ALEACZEOJEP for 26 gold pieces
  3443 | D:4      | Bought a scroll labelled DIMISCHERYI for 26 gold pieces
  3443 | D:4      | Bought a scroll labelled VEETER HALUID for 26 gold pieces
  3443 | D:4      | Bought a scroll labelled RUMOOF XYEC for 26 gold pieces
  3443 | D:4      | Bought a white potion for 23 gold pieces
  3647 | D:4      | Identified the +3 whip of the Pyrrhic Victory {vorpal,
                  | *Rage rPois Dex+4}
  3755 | D:4      | Found a bloodstained altar of Trog.
  3756 | D:4      | Noticed a wizard
  3761 | D:4      | Killed a wizard
  3821 | D:5      | Entered Level 5 of the Dungeon
  3870 | D:5      | Noticed Sigmund
  3886 | D:5      | Killed Sigmund
  3887 | D:5      | Reached XP level 8. HP: 71/71 MP: 7/7
  4101 | D:5      | Found a white marble altar of Elyvilon.
  4377 | D:5      | Noticed Edmund
  4389 | D:5      | Killed Edmund
  4466 | D:5      | Noticed Grinder
  4489 | D:5      | Killed Grinder
  5047 | D:6      | Noticed a two-headed ogre
  5059 | D:5      | Killed a two-headed ogre
  5060 | D:5      | Reached XP level 9. HP: 30/81 MP: 8/8
  5339 | D:6      | Reached *** piety under Trog
  5976 | D:6      | Found a hide-covered altar of Uskayaw.
  6297 | D:6      | Found a staircase to the Ecumenical Temple.
  6786 | D:7      | Noticed Joseph
  6799 | D:7      | Killed Joseph
  6800 | D:7      | Reached XP level 10. HP: 90/91 MP: 9/9
  6947 | D:7      | Found Nelumurch's General Store.
  6977 | D:7      | Bought a scroll of identify for 24 gold pieces
  6977 | D:7      | Bought a scroll of identify for 24 gold pieces
  7572 | D:8      | Reached skill level 10 in Axes
  7573 | D:8      | Reached skill level 10 in Fighting
  7780 | D:8      | Noticed Prince Ribbit
  7791 | D:8      | Killed Prince Ribbit
  8371 | D:8      | Found a staircase to the Lair.
  8393 | D:8      | Reached skill level 10 in Armour
  8614 | D:8      | Noticed a two-headed ogre
  8622 | D:8      | Killed a two-headed ogre
  8625 | D:8      | Reached **** piety under Trog
  9283 | D:9      | Reached XP level 11. HP: 100/100 MP: 10/10
  9558 | D:9      | Identified the +0 scale mail of the Beekeeper {rF- Int+5}
  9598 | D:9      | Found an ancient bone altar of Kikubaaqudgha.
  9660 | D:9      | Noticed Maggie
  9671 | D:9      | Paralysed by a hornet for 3 turns
  9672 | D:9      | HP: 2/93 [Maggie/+1 morningstar of draining (9)]
  9673 | D:9      | Succumbed to a hornet's poison

Illustrated notes

Levels and vault maps discovered:
D:1:      dpeg_arrival_three_bigger_balls, layout_rooms, serial_shops,
          nicolae_shop_advertising_works [nicolae_subvault_shop_adworks],
          shapermc_ecumenical_altar_starsandcircs
D:2:      layout_loops_ring, basic_altar, serial_forest,
          infiniplex_forest_clump_small, infiniplex_forest_end_1,
          infiniplex_forest_side_room, infiniplex_forest_straight_2,
          infiniplex_forest_diagonal
D:3:      layout_loops_corners, wad_floor_pattern_2
D:4:      layout_rooms, trog_wizard, serial_shops, shop, uniq_pikel
D:5:      layout_basic, elyvilon_altar_5, uniq_edmund, uniq_grinder,
          uniq_sigmund
D:6:      layout_loops_ring, mainiacjoe_overflow_surrounded_room,
          minmay_temple_entry_antechambers, serial_bayou_lagoon_b
D:7:      layout_basic, serial_shops, nicolae_lakefront_shop, uniq_joseph
D:8:      minmay_bloctagon_deflated, layout_gridville, lair_entry_dummy,
          kennysheep_small_square, uniq_prince_ribbit1
D:9:      layout_irregular_city, nicolae_kikubaaqudgha_miasma_corner,
          serial_glass, glass_columns_b, glass_columns_b, glass_columns_b,
          uniq_maggie

Skill      XL: |  1  2  3  4  5  6  7  8  9 10 11 |
---------------+----------------------------------+-----
Fighting       | 4 6 8 9 10 11 | 11.0
Axes           | 4 6 8 9 10 11 | 11.0
Armour         | 3 5 6 7 9 10 | 10.7
Dodging        | 3 4 5 7 8 9 |  9.8

Action                   |  1- 3 |  4- 6 |  7- 9 | 10-12 || total
-------------------------+-------+-------+-------+-------++-------
Melee: Hand axe          |   106 |    22 |   146 |       ||   274
       Headbutt          |    14 |     3 |    44 |    28 ||    89
       Punch             |       |       |     5 |     2 ||     7
       War axe           |       |       |    86 |   143 ||   229
Invok: Berserk           |       |     2 |     7 |     6 ||    15
       Trog's Hand       |       |       |     1 |       ||     1
  Use: Scroll            |       |       |     8 |     4 ||    12
Armor: Animal skin       |    22 |     2 |     3 |       ||    27
       Scale mail        |       |       |    78 |    46 ||   124
Dodge: Dodged            |    50 |    11 |   136 |   119 ||   316

Table legend: (Time is in decaauts)
 A = Elapsed time spent in this place.
 B = Non-inter-level travel time spent in this place.
 C = Inter-level travel time spent in this place.
 D = Time resting spent in this place.
 E = Time spent auto-exploring this place.
 F = Levels seen in this place.
 G = Mean time per level.
                   A        B        C        D        E       F      G
               +--------+--------+--------+--------+--------+-----+--------+
         Total |   9875 |   9629 |    246 |   2278 |   6217 |   9 | 1097.2 |
       Dungeon |   9875 |   9629 |    246 |   2278 |   6217 |   9 | 1097.2 |
               +--------+--------+--------+--------+--------+-----+--------+

Top non-repeatable levels by time:
     D:8: 1761 daAuts
     D:5: 1580 daAuts
     D:3: 1395 daAuts
     D:6: 1215 daAuts
     D:4: 1017 daAuts
     D:7: 998 daAuts
     D:2: 836 daAuts
     D:1: 629 daAuts
     D:9: 439 daAuts
